[Event "*** Titled Tuesday Blitz"]
[Site "Chess.com"]
[Date "2020.05.26"]
[Round "8"]
[White "MNyuyu"]
[Black "DariaVoit"]
[Result "0-1"]
[WhiteElo "2313"]
[BlackElo "2501"]
[TimeControl "180+1"]
[EndTime "11:42:01 PDT"]
[Termination "DariaVoit won by resignation"]

1. d4 Nf6 2. Nf3 e6 3. Bg5 c5 4. e3 h6 5. Bh4 b6 6. Bd3 Bb7 7. Nbd2 d6 8. c3 Nbd7 9. Qe2 Be7 10. a4 d5 11. O-O O-O 12. Rfe1 Re8 13. Rad1 Qc7 14.
e4 dxe4 15. Nxe4 c4 16. Bc2 Nd5 17. Bg3 Qc6 18. Ned2 Rec8 19. Be4 Qxa4 20. Ne5 Nxe5 21. Bxe5 Qd7 22. Nxc4 Ba6 23. Bd3 Qc6 24. Ne3 Bxd3 25.
Qxd3 b5 26. Nxd5 Qxd5 27. Ra1 a5 28. Rec1 b4 29. c4 Qd7 30. b3 a4 31. bxa4 Rxa4 32. Rab1 Ra3 33. Qe4 Qc6 34. Qg4 f6 35. Bg3 Rc3 36.
Re1 f5 37. Qg6 Bf6 38. d5 exd5 39. cxd5 Qxd5 40. h3 b3 41. Rbd1 Qf7 42. Qxf5 b2 43. Rd7 Rc1 44. Rxf7 Rxe1+ 45. Kh2 b1=Q 46. Qxc8+ Kxf7 47. Qd7+ Kg6 48. Qg4+ Kh7 49. Bf4 Rh1+ 50. Kg3 Qg6 51. Qxg6+ Kxg6 52. Be3 Rb1 53. Kf3 Rb3 54. g3 Kf5 55. g4+ Ke6 56. Ke4 Bg5 57. f4 Be7 58. f5+ Kf7 59. Bd4 Rxh3 60. Be5 Bf6 61. Bf4 Bg5 62. Be5 Rh1 63. Kf3 Rf1+ 64. Kg3 Re1 65. Bc3 Re3+ 66. Kh2 Rxc3 0-1

[Event "*** Titled Tuesday Blitz"]
[Site "Chess.com"]
[Date "2020.05.26"]
[Round "8"]
[White "tsvet2005"]
[Black "124chess"]
[Result "0-1"]
[WhiteElo "2531"]
[BlackElo "2758"]
[TimeControl "180+1"]
[EndTime "11:42:02 PDT"]
[Termination "124chess won by resignation"]

1. d4 d6 2. e4 Nf6 3. Nc3 e5 4.
dxe5 dxe5 5. Qxd8+ Kxd8 6. Bc4 Ke8 7. f4 Bb4 8. Bd3 Nc6 9. Nf3 Bg4 10. fxe5 Nd7 11. Bf4 Bxf3 12. gxf3 Ncxe5 13. Be2 Ke7 14.
O-O-O Bxc3 15. bxc3 f6 16. Rhg1 g6 17. h4 Rad8 18. Be3 Nb6 19. Bc5+ Kf7 20. f4 Ned7 21. Be3 Rhe8 22. Bd3 Na4 23. Bb5 Nac5 24. Bxc5 Nxc5 25. Bxe8+ Rxe8 26. Rge1 Re7 27. e5 fxe5 28. fxe5 Ke6 29.
Rd8 Nd7 30. h5 Nxe5 31. hxg6 hxg6 32. Rb8 b6 33. Ra8 a5 34. Rg8 Kf7 35. Rc8 g5 36. Rf1+ Ke6 37. Rg8 g4 38. Rg5 a4 39. Re1 Kf6 40.
Rh5 Nd3+ 41. cxd3 Rxe1+ 42. Kd2 Ra1 43. Rh4 Kg5 44. Ke3 Rxa2 45. Rh8 g3 46. Rg8+ Kh4 47. Kf3 g2 48. Rh8+ Kg5 49. Rg8+ Kf5 50. d4 Ke6 51.
Ke4 Kd6 52. c4 Kc6 53. Rg6+ Kb7 54. c5 bxc5 55. dxc5 a3 56. Kd5 Rd2+ 57. Kc4 a2 58. Kb5 Rb2+ 59. Kc4 a1=Q 60. Rb6+ cxb6 61. c6+ 0-1

[Event "*** Titled Tuesday Blitz"]
[Site "Chess.com"]
[Date "2020.05.26"]
[Round "8"]
[White "Nafania1"]
[Black "druskacik"]
[Result "0-1"]
[WhiteElo "2452"]
[BlackElo "2587"]
[TimeControl "180+1"]
[EndTime "11:42:02 PDT"]
[Termination "druskacik won on time"]

1. e4 e6 2. d4 d5 3. e5 c5 4. c3 Nc6 5. Nf3 Bd7 6. Be2 f6 7. O-O Nge7 8. c4 cxd4 9. exf6 gxf6 10. cxd5 Nxd5 11. Nxd4 Bc5 12. Bh5+ Ke7 13. Nb3 Bd6 14. N1d2 Qc7 15. g3 Rad8 16. Ne4 Be5 17. Rb1 Be8 18. Bxe8 Rhxe8 19. Qh5 Kd7 20. f4 Bd6 21. Nxd6 Qxd6 22. Rd1 Kc8 23. Be3 Qb4 24. Qf3 h5 25. Bc5 Qa4 26.
Bf2 h4 27. a3 hxg3 28. hxg3 Rg8 29. Nc5 Qxf4 30. Qxf4 Nxf4 31. Rxd8+ Nxd8 32. Kf1 Nh3 33. Rc1 Nxf2 34. Kxf2 e5 35. Ne4+ Kb8 36. Kg2 Rf8 37.
g4 Ne6 38. Kg3 Nf4 39. Rd1 a6 40. Rd6 f5 41. gxf5 Rxf5 42. Kg4 Rf8 43. Nc5 Kc7 44. Rh6 Rg8+ 45. Kf5 Ne2 46. Kxe5 Rg5+ 47. Ke4 Rxc5 48.
Kd3 Nc1+ 49. Kd4 Nb3+ 50. Kd3 Na5 51. b4 Rd5+ 52. Ke4 Rb5 53. bxa5 Rxa5 54. Rh3 Kc6 55.
Kd4 Ra4+ 56. Ke5 Kc5 57. Rc3+ Kb5 58. Kd6 b6 59. Kc7 Ka5 0-1

[Event "*** Titled Tuesday Blitz"]
[Site "Chess.com"]
[Date "2020.05.26"]
[Round "8"]
[White "manmanlai1"]
[Black "Turquoise_2701"]
[Result "0-1"]
[WhiteElo "2349"]
[BlackElo "2191"]
[TimeControl "180+1"]
[EndTime "11:42:02 PDT"]
[Termination "Turquoise_2701 won on time"]

1. e4 c5 2. Nf3 d6 3. d4 cxd4 4. Nxd4 Nf6 5. Nc3 a6 6. h3 e5 7.
Nde2 Be6 8. Bg5 Nbd7 9. g4 h6 10. Be3 Be7 11. Qd2 b5 12. Ng3 Nb6 13. O-O-O b4 14.
Nd5 Nbxd5 15. exd5 Bxd5 16. Rg1 Bxa2 17. Nf5 d5 18.
Nxg7+ Kf8 19. Nf5 Qa5 20. Bxh6+ Ke8 21. f3 Rc8 22. Bg7 Bb3 23. Qd3 Rxc2+ 24. Qxc2 Bxc2 25. Kxc2 Qa4+ 26. Kc1 Rg8 27. Nxe7 Kxe7 28. Bxf6+ Kxf6 29. Bd3 Rc8+ 30. Kd2 Qb3 31. Rb1 Ke7 32. h4 Rh8 33. h5 a5 34. Rh1 a4 35. h6 Qa2 36. h7 a3 37. Ke3 axb2 38. Bf5 d4+ 39. Ke4 Qa8+ 40.
Kd3 Qxf3+ 41. Kd2 Qe3+ 42. Kd1 Qc3 43. Rh2 b3 44. Rhxb2 Qf3+ 45. Ke1 Qe3+ 46. Kd1 Qf3+ 47. Ke1 Qe3+ 48. Re2 Qc3+ 49. Kd1 f6 50. g5 b2 51. Rexb2 fxg5 52. Rb7+ Kf6 53. Be4 g4 54. R1b6+ Kg5 55. Rf7 Kh4 56. Rg6 Qa1+ 0-1

[Event "*** Titled Tuesday Blitz"]
[Site "Chess.com"]
[Date "2020.05.26"]
[Round "8"]
[White "BogdanBelyakov89"]
[Black "Igor_Lysyj"]
[Result "0-1"]
[WhiteElo "2633"]
[BlackElo "2774"]
[TimeControl "180+1"]
[EndTime "11:42:03 PDT"]
[Termination "Igor_Lysyj won on time"]

1. e4 e5 2. Nf3 Nc6 3. Nc3 Nf6 4. Be2 d5 5. exd5 Nxd5 6. Bb5 Nxc3 7. bxc3 Bd6 8. d4 exd4 9. cxd4 O-O 10. O-O h6 11.
c3 Qf6 12. Re1 Bg4 13. h3 Bxf3 14. Qxf3 Qxf3 15. gxf3 Ne7 16. Bd3 Ng6 17. Be3 Rae8 18. Be4 b6 19. a4 a5 20. c4 Bb4 21. Red1 f5 22. Bc6 Re7 23. Bd2 Rf6 24. Bd5+ Kh7 25. Be3 Nh4 26. f4 Ng6 27. Kg2 Bd6 28. Kg3 Bb4 29. Rac1 Rd7 30. Bg2 Ne7 31. Bf3 Rg6+ 32. Kh2 Nc8 33. c5 Ne7 34. cxb6 Rxb6 35. Rc4 Rbd6 36.
Rdc1 Ng6 37. Rxc7 Rxd4 38. Bxd4 Rxd4 39. Rb7 Rxf4 40. Rcc7 Bf8 41. Kg3 Rxa4 42. Rd7 Ne5 43. Rd8 Ba3 44. Bd5 h5 45. f4 Ng6 46. Rb6 Be7 47. Bg8+ Kh6 48. Re8 Bf6 49. Bf7 Ra3+ 50. Kf2 Nxf4 51. Ra6 Nxh3+ 52. Ke2 Nf4+ 53. Kd2 h4 54.
Kc2 Kg5 55. Rg8 h3 56. Rh8 Kg4 57. Be6 Ra1 58. Bc8 Bd4 59. Bb7 g5 0-1

[Event "*** Titled Tuesday Blitz"]
[Site "Chess.com"]
[Date "2020.05.26"]
[Round "8"]
[White "louis198"]
[Black "Shield12"]
[Result "0-1"]
[WhiteElo "2501"]
[BlackElo "2797"]
[TimeControl "180+1"]
[EndTime "11:42:03 PDT"]
[Termination "Shield12 won by checkmate"]

1. d4 Nf6 2. Bf4 d5 3. e3 c5 4. c3 Nc6 5. Bd3 Qb6 6. Qc2 c4 7. Be2 Bf5 8. Qc1 e6 9. h3 h6 10.
Nf3 Be7 11. O-O O-O 12. Nbd2 Qa5 13. b4 Qd8 14. a4 Rc8 15. Re1 a5 16. b5 Nb8 17.
Bd1 Nbd7 18. Bc2 Nb6 19. Bxf5 exf5 20. Ne5 Bd6 21. Qc2 Ne4 22. Nf1 g5 23. Bh2 f6 24.
Ng6 Re8 25. f3 Kg7 26. fxe4 Rxe4 27. Nf4 gxf4 28. exf4 Qd7 29. Ng3 Rce8 30. Nxe4 dxe4 31. Qe2 Qe6 32. Kh1 Kh7 33. g4 Nd5 34. Qxc4 Rc8 35. gxf5 Qxf5 36. Qe2 Nxc3 37. Qg4 Qxg4 38. hxg4 Rg8 39.
Rac1 Bb4 40. Rg1 Rg7 41. Bg3 Ne2 42. Bf2 Nxc1 43. Rxc1 Rxg4 44. Rc7+ Kg6 45. Rxb7 Rxf4 46. Kg2 Rf3 47. Rd7 Rb3 48. b6 Bd2 49. b7 Bf4 50. d5 Rb2 51. Kf1 e3 52. Be1 Kf5 53. d6 Ke6 54. Re7+ Kxd6 55. Rf7 Ke6 56. Rh7 Be5 57.
Bxa5 f5 58. Rxh6+ Kd5 59. Rb6 Ra2 60. b8=Q Bxb8 61. Rxb8 f4 62. Be1 Rxa4 63. Rd8+ Ke4 64. Bc3 Rc4 65. Re8+ Kf3 66. Be1 Rc1 67. Re7 Rc2 68.
Re8 Rg2 69. Rf8 e2# 0-1

[Event "*** Titled Tuesday Blitz"]
[Site "Chess.com"]
[Date "2020.05.26"]
[Round "8"]
[White "doctorcristian"]
[Black "oneshot007"]
[Result "0-1"]
[WhiteElo "2299"]
[BlackElo "2446"]
[TimeControl "180+1"]
[EndTime "11:42:03 PDT"]
[Termination "oneshot007 won by resignation"]

1. d4 Nf6 2. Nc3 e6 3. e4 Bb4 4. e5 Ne4 5. Qg4 d5 6. Qxg7 Rf8 7. a3 Bxc3+ 8. bxc3 c5 9. Bh6 Nd7 10. Bb5 Qe7 11.
Qxf8+ Qxf8 12. Bxf8 Kxf8 13. Ne2 Nxe5 14. dxe5 c4 15.
f3 Nc5 16. Rb1 a6 17. Nd4 axb5 18. Nxb5 Ke7 19. Kd2 Bd7 20. g3 Bc6 21. Nd4 Bd7 22. Ra1 f6 23. Rhe1 h5 24. Re3 Rh8 25. a4 Ra8 26. a5 b6 27. a6 Rxa6 28. Rxa6 Nxa6 29. h4 Nc5 30. Ke2 Be8 31. Kf2 Bg6 32. Kg2 fxe5 33. Rxe5 Kf6 34. f4 Bf7 35. g4 hxg4 36. Kg3 Na4 37. Ne2 Bg6 38. Kxg4 Bxc2 39. Nd4 Bd1+ 40. Kg3 Nc5 41. h5 Ba4 42. Kh4 Bd7 43. Rg5 Be8 44. h6 Bg6 45. Re5 Bh7 46. Kh5 Bg6+ 47. Kh4 Bh7 48. Re1 Bg6 49. Rb1 Bxb1 50. f5 Bxf5 51. Nxf5 exf5 52. Kh5 Ne6 53. h7 Kg7 54. h8=Q+ 0-1

[Event "*** Titled Tuesday Blitz"]
[Site "Chess.com"]
[Date "2020.05.26"]
[Round "8"]
[White "Srisshhhtea"]
[Black "Quattroporte300"]
[Result "0-1"]
[WhiteElo "2171"]
[BlackElo "2306"]
[TimeControl "180+1"]
[EndTime "11:42:03 PDT"]
[Termination "Quattroporte300 won by checkmate"]

1. d4 Nf6 2. c4 e6 3. Nc3 Bb4 4. f3 c5 5. d5 O-O 6. e4 exd5 7. cxd5 Re8 8. Ne2 d6 9. Be3 b5 10. g4 Bxg4 11. fxg4 Nxe4 12. Bg2 Qh4+ 13. Kf1 Nxc3 14. bxc3 Rxe3 15. cxb4 Nd7 16. Ng3 Rae8 17. Kf2 Qf6+ 18.
Bf3 Ne5 19. Kxe3 Nxf3+ 20. Kf2 Nh4+ 21. Kg1 Nf3+ 22. Kg2 Nh4+ 23. Kh3 Ng6 24. Nh5 Qc3+ 25. Ng3 Nf4+ 26. Kh4 Qf6+ 27. g5 Ng6+ 28. Kh3 Qf4 29. Rf1 Qh4+ 30. Kg2 Nf4+ 31. Rxf4 Qxf4 32. bxc5 dxc5 33. Qf1 Qxg5 34. Qxb5 Qxd5+ 35. Kh3 Qe6+ 36. Kg2 Qd5+ 37. Kg1 Qe6 38. Rf1 Qe3+ 39. Rf2 h5 40. Nf5 Qe1+ 41. Kg2 h4 42. h3 Re5 43. Qb8+ Kh7 44.
Qf8 Qe4+ 45. Kg1 Rxf5 46. Rxf5 Qxf5 47. Qd6 Qg5+ 48. Kf1 Qf6+ 49. Qxf6 gxf6 50. Kf2 f5 51. Kf3 Kg6 52. Kf4 Kf6 53. Ke3 Ke5 54. a4 f4+ 55.
Kd3 f5 56. Kc4 f3 57. Kxc5 f2 58. Kc6 f1=Q 59. Kb7 Qb1+ 60. Kxa7 Qb4 61. a5 Qxa5+ 62. Kb8 f4 63. Kb7 f3 64. Kb8 f2 65. Kb7 f1=Q 66.
Kb8 Qf7 67. Kc8 Qac7# 0-1

[Event "*** Titled Tuesday Blitz"]
[Site "Chess.com"]
[Date "2020.05.26"]
[Round "8"]
[White "Evgeny81"]
[Black "m_ezat"]
[Result "1-0"]
[WhiteElo "2709"]
[BlackElo "2490"]
[TimeControl "180+1"]
[EndTime "11:42:04 PDT"]
[Termination "Evgeny81 won by resignation"]

1. e4 c6 2. d4 d5 3. Nc3 dxe4 4.
Nxe4 Nd7 5. Ng5 Ngf6 6. Bd3 e6 7.
Qe2 Bd6 8. N1f3 h6 9. Ne4 Nxe4 10. Qxe4 Qc7 11. Qg4 g5 12. Qe4 b6 13. b3 Bb7 14.
Bb2 O-O-O 15. Qe2 Rhe8 16. O-O-O c5 17. Ba6 Bxa6 18. Qxa6+ Qb7 19. Qe2 g4 20. Ne1 h5 21.
Kb1 cxd4 22. Rxd4 Bc7 23. h3 Nc5 24. hxg4 hxg4 25. Qxg4 Rxd4 26. Bxd4 Ne4 27. Nd3 Qd5 28.
Bb2 Kb8 29. Qh5 Qxh5 30. Rxh5 Rg8 31. Rh8 Rxh8 32. Bxh8 Kb7 33. f3 Ng3 34. Kc1 Kc6 35.
Kd2 Nf5 36. Be5 Bd8 37. g4 Ne7 38. Bf6 Kd7 39. Ne5+ Ke8 40. Bxe7 Bxe7 41. Nc6 Bg5+ 42. Kd3 a6 43. Nb4 a5 44. Nc6 Bf4 45. Kc4 Kd7 46.
Kb5 Kc7 47. Nd4 Be3 48. Ne2 f5 49. gxf5 exf5 50. Nc3 Kb7 51. Nd5 Bc5 52. c3 Bf2 53. Ne7 f4 54. Nd5 Be3 55. a4 Ka7 56. Kc6 Ka6 57.
Nc7+ Ka7 58. Nb5+ Ka6 59. Kd5 Kb7 60. Nd6+ Ka6 61. Ke4 Bd2 62. Kd3 Be3 63. Nc4 Bc1 64. Kc2 b5 65. axb5+ Kxb5 66. Kxc1 a4 67. bxa4+ Kxc4 68.
Kc2 1-0

[Event "*** Titled Tuesday Blitz"]
[Site "Chess.com"]
[Date "2020.05.26"]
[Round "8"]
[White "Abund"]
[Black "kingofthenil"]
[Result "1-0"]
[WhiteElo "2609"]
[BlackElo "2457"]
[TimeControl "180+1"]
[EndTime "11:42:04 PDT"]
[Termination "Abund won on time"]

1. d4 Nf6 2. c4 c5 3. d5 e6 4.
Nc3 exd5 5. cxd5 d6 6. Nf3 g6 7. Nd2 Nbd7 8. e4 Bg7 9. Be2 O-O 10. O-O Re8 11. a4 Ne5 12. Ndb1 Ned7 13. Qc2 a6 14. Na3 Qc7 15. Nc4 Nb6 16. Ne3 Rb8 17. Bd2 h5 18.
f3 Nbd7 19. Kh1 Ne5 20. Rfb1 Bd7 21. h3 b5 22. axb5 axb5 23. f4 Nc4 24. Nxc4 bxc4 25. Bxc4 Rb4 26. b3 Nxe4 27. Nxe4 Bf5 28. Re1 Bxa1 29.
Bxb4 cxb4 30. Nf6+ Bxf6 31. Rxe8+ Kg7 32. Qd2 Qa7 33.
Re1 Bc3 34. Qe3 Qa2 35. Rf1 Qb2 36. Qe2 Qa3 37. g4 hxg4 38. hxg4 Bd7 39. Kg2 Qb2 40. Qxb2 Bxb2 41. Kf3 Bc3 42. Rd1 Kf6 43. Rd3 g5 44. f5 Be5 45. Rd1 Bc3 46. Rh1 Be8 47. Rh8 Bd7 48. Rd8 Ke7 49. Rb8 f6 50. Rb7 Kd8 51.
Bb5 Bxb5 52. Rxb5 Kc7 53. Ke4 Bd2 54. Kd3 Be1 55. Kc4 Bd2 56. Ra5 Be1 57. Kb5 Kd7 58.
Ra6 1-0

[Event "*** Titled Tuesday Blitz"]
[Site "Chess.com"]
[Date "2020.05.26"]
[Round "8"]
[White "Djager97"]
[Black "Pavel_Mir"]
[Result "0-1"]
[WhiteElo "2375"]
[BlackElo "2247"]
[TimeControl "180+1"]
[EndTime "11:42:04 PDT"]
[Termination "Pavel_Mir won by resignation"]

1. e4 e5 2. Nf3 Nc6 3. d4 exd4 4. Nxd4 Bb4+ 5. c3 Bc5 6. Be3 Bb6 7. Nf5 Bxe3 8. Nxe3 Nf6 9. f3 O-O 10. c4 d6 11. Nc3 h6 12. Be2 Nh5 13. O-O Nf4 14. Ncd5 Ng6 15. Qd2 Be6 16. b3 Bxd5 17. cxd5 Nce5 18.
f4 Nd7 19. Rac1 Nc5 20. e5 b6 21. b4 Nd7 22. e6 Nf6 23. Qc2 a5 24. exf7+ Kxf7 25. Qxc7+ Kg8 26. Nf5 Qxc7 27. Rxc7 Ne8 28. Ne7+ Nxe7 29.
Rxe7 axb4 30. Bc4 Rc8 31. Bb3 Rc7 32. Rxc7 Nxc7 33. Rc1 Nb5 34. Rc6 Rxf4 35. Rxb6 Nd4 36. g3 Rf6 37. Rxb4 Nxb3 38. Rxb3 Rf5 39. a4 Rxd5 40. Ra3 Ra5 41. Kf2 Kf7 42. Ke3 Ke6 43.
Kd4 d5 44. Ra2 Kd6 45. g4 Ke6 46. h4 Kd6 47. h5 Ke6 48. Ra1 Kd6 49. Ra2 Ke6 50.
Kc3 Kd6 51. Kb4 Ra8 52. a5 d4 53. Kc4 Ke5 54. a6 Ke4 55. a7 d3 56. Kb5 Ke3 57.
Kb6 d2 58. Ra1 Ke2 59. Kb7 Rxa7+ 60. Kxa7 d1=Q 61. Rxd1 Kxd1 62. Kb6 Ke2 63. Kc6 Kf3 64. Kd6 Kxg4 65. Ke5 Kxh5 66. Ke4 Kg4 0-1

[Event "*** Titled Tuesday Blitz"]
[Site "Chess.com"]
[Date "2020.05.26"]
[Round "8"]
[White "chessfrendz"]
[Black "CMS13"]
[Result "1/2-1/2"]
[WhiteElo "2384"]
[BlackElo "2205"]
[TimeControl "180+1"]
[EndTime "11:42:04 PDT"]
[Termination "Game drawn by repetition"]

1. d4 d5 2. c4 e6 3. Nc3 Bb4 4. Nf3 Nf6 5. Bg5 h6 6. Bxf6 Qxf6 7.
Qa4+ Nc6 8. e3 O-O 9. Rc1 a6 10. cxd5 exd5 11. Be2 Bf5 12. O-O Bxc3 13. Rxc3 Rfe8 14.
Rfc1 Be4 15. Nd2 Qg6 16. Nxe4 Qxe4 17. Bf3 Qe6 18. Qb3 Nxd4 19. Qxd5 Qxd5 20. Bxd5 Ne2+ 21. Kf1 Nxc3 22. Rxc3 c6 23. Bf3 Red8 24. Ke1 Rd6 25. Rb3 Rd7 26. a3 Kf8 27. g4 Ke7 28. h4 Kd8 29. h5 Kc7 30. Rc3 Rad8 31. Rc2 Rd6 32.
Be4 b6 33. Ke2 c5 34. f3 Re8 35. Bf5 g6 36. hxg6 fxg6 37. Bd3 Kb7 38. Be4+ Ka7 39.
b4 Re5 40. Rb2 cxb4 41. axb4 h5 42. gxh5 gxh5 43. Rc2 Kb8 44. Kf2 Rf6 45. Kg3 a5 46.
bxa5 bxa5 47. Rc4 Rb6 48. Kh4 Rb4 49. Rc6 Rbxe4+ 50. fxe4 Rxe4+ 51. Kxh5 Rxe3 52. Rc5 Ra3 53. Kg4 Kb7 54. Kf4 Kb6 55. Rc8 a4 56. Ke4 Kb5 57. Rb8+ Kc4 58. Rc8+ Kb3 59. Rb8+ Kc2 60. Kd4 Rb3 61.
Rc8+ Kb2 62. Ra8 a3 63. Kc4 Rh3 64. Rb8+ Ka2 65. Rg8 Rh2 66. Kc3 Rb2 67. Rg1 Rb1 68. Rg2+ Ka1 69. Rf2 a2 70. Rg2 Re1 71. Kc2 Rb1 72.
Rg4 Rb2+ 73. Kc1 Rb1+ 74. Kc2 Re1 75. Rg2 Rh1 76. Rf2 Rb1 77. Rf4 Rb2+ 78. Kc1 Rb1+ 79.
Kc2 Rb2+ 80. Kc1 Rb1+ 81. Kc2 1/2-1/2

[Event "*** Titled Tuesday Blitz"]
[Site "Chess.com"]
[Date "2020.05.26"]
[Round "8"]
[White "ChessQueen"]
[Black "SoltaniciR"]
[Result "1-0"]
[WhiteElo "2626"]
[BlackElo "2469"]
[TimeControl "180+1"]
[EndTime "11:42:05 PDT"]
[Termination "ChessQueen won on time"]

1. e4 c5 2. c3 e6 3. d4 d5 4. exd5 exd5 5. Nf3 Nc6 6. Bb5 Nf6 7. O-O Bd6 8. dxc5 Bxc5 9. Nbd2 O-O 10. Nb3 Bb6 11. h3 a6 12. Bd3 Ne4 13. Nfd4 Qf6 14. Be3 Ne5 15. Bc2 Nc4 16. Bc1 Bd7 17. Qe1 Rfe8 18. f3 Ned2 19. Qf2 Nxf1 20. Kxf1 Re7 21. h4 h6 22. Qg3 Rae8 23. Bf4 Ne3+ 24. Bxe3 Rxe3 25. Rd1 Qe5 26. Qxe5 R3xe5 27. Bd3 a5 28. Kf2 a4 29. Nc1 Bf5 30. f4 Bg4 31. Rd2 R5e7 32. Ne2 Bd7 33. Ng3 g6 34. h5 Kg7 35. Be2 Bc6 36. Bf3 Rd8 37. Kf1 Bc5 38. Ngf5+ gxf5 39. Nxf5+ Kf6 40.
Nxe7 Kxe7 41. g4 Kf6 42. Kg2 Bd6 43. Kg3 Bc7 44. Rd4 b6 45. c4 dxc4 46. Rxd8 Bxd8 47. Bxc6 Bc7 48. Bxa4 Ke6 49. Bc6 Kd6 50. Be4 f6 51. Kf3 Kc5 52. Ke3 b5 53. Bf5 Bd8 54. Be6 b4 55.
Ke4 Bc7 56. Ke3 Bb6 57. Ke4 Bc7 58. Bf7 Bb8 59. b3 Bc7 60. Bxc4 Bb8 61. Be2 Bc7 62.
Bd3 Bb8 63. Kf5 Bc7 64. g5 fxg5 65. fxg5 1-0

[Event "*** Titled Tuesday Blitz"]
[Site "Chess.com"]
[Date "2020.05.26"]
[Round "8"]
[White "Kapibara_Warri0r"]
[Black "MariaFominykh"]
[Result "1-0"]
[WhiteElo "2124"]
[BlackElo "2332"]
[TimeControl "180+1"]
[EndTime "11:42:05 PDT"]
[Termination "Kapibara_Warri0r won on time"]

1. e4 d6 2. d4 Nf6 3. Nc3 e5 4. Nf3 Nbd7 5. Be2 Be7 6. Qd3 O-O 7. O-O c6 8. a4 a5 9. b3 Re8 10. Bb2 Qc7 11. d5 cxd5 12. exd5 Nc5 13. Nb5 Qd7 14. Qd2 b6 15. Na3 Qb7 16. Bb5 Rd8 17. Bc6 Qa7 18.
Bxa8 Qxa8 19. Rad1 Bb7 20. Nc4 Nxd5 21. Ne3 Nf4 22. Nf5 Bf8 23. N5h4 Nxg2 24. Kxg2 Ne4 25. Qe3 Be7 26. Nf5 Bf6 27. Kg1 Nc5 28. N3h4 d5 29. c4 d4 30. Qg3 Ne4 31. Qg4 Kh8 32. Rde1 Ng5 33. f3 Ne6 34. Qg2 Nf4 35. Qg3 Ne6 36.
Rd1 Nf4 37. Rd2 d3 38. Ng2 Ne2+ 39. Rxe2 dxe2 40. Re1 Rd1 41. Bc3 Bxf3 42. Qf2 Bxg2 43. Qxg2 Qxg2+ 44. Kxg2 Rxe1 45. Bxe1 e4 46. Ng3 g6 47. Nxe4 Bd4 48. Ng3 f5 49. Nxe2 Bc5 50. Nf4 Kg7 51. Nd5 Kf7 52. Bc3 Ke6 53. Kf3 g5 54.
Bf6 h6 55. Bg7 g4+ 56. Kg3 Bd6+ 57. Kg2 h5 58. Bh6 Bc5 59. Bf4 h4 60. Bc7 h3+ 61. Kg3 1-0

[Event "*** Titled Tuesday Blitz"]
[Site "Chess.com"]
[Date "2020.05.26"]
[Round "8"]
[White "yobdc"]
[Black "StephenDedalus83"]
[Result "1-0"]
[WhiteElo "2111"]
[BlackElo "2713"]
[TimeControl "180+1"]
[EndTime "11:42:06 PDT"]
[Termination "yobdc won by resignation"]

1. c4 g6 2. g3 Bg7 3. Bg2 c5 4. Nf3 e5 5. Nc3 Ne7 6. d3 Nbc6 7. a3 a5 8. Rb1 d6 9. O-O O-O 10. Ne1 Be6 11. Nc2 d5 12. cxd5 Nxd5 13. Ne3 Nde7 14. Bd2 b6 15. Nc4 Rb8 16. Qc1 Nd4 17.
Be3 b5 18. Nd2 Nef5 19. Bxd4 Nxd4 20. e3 Nf5 21. Qc2 Qb6 22. Rfd1 Rfd8 23. Nde4 Bf8 24. b3 Be7 25. a4 b4 26. Nb5 Bd7 27. Nd2 Bxb5 28.
axb5 Qxb5 29. Nc4 a4 30. bxa4 Qa6 31. Qb3 Bf6 32. Be4 Ne7 33. Rdc1 Bg7 34. Nd2 Kf8 35. Rxc5 f5 36. Bf3 e4 37. dxe4 Rxd2 38. exf5 gxf5 39. Rbc1 Qd6 40. Bh5 Nd5 41. Rc8+ Rxc8 42. Rxc8+ Ke7 43. Re8+ Kd7 44. Qc4 Qc6 45. Rd8+ Kc7 46. Rc8+ Kxc8 47. Qxc6+ Kd8 48. Qd6+ Kc8 49. Qe6+ Kb8 50. Qg8+ Ka7 51. Qxg7+ Kb6 52. Qh6+ Ka5 53. e4 Rd4 54. exd5 b3 55. Qc6 Rxa4 56. Be8 Ra1+ 57. Kg2 Kb4 58. Qb5+ Kc3 59. d6 b2 60. Qc5+ Kd2 61. Qd4+ Kc2 62.
Ba4+ 1-0

[Event "*** Titled Tuesday Blitz"]
[Site "Chess.com"]
[Date "2020.05.26"]
[Round "8"]
[White "cioxminator"]
[Black "freshfoodcompany"]
[Result "1/2-1/2"]
[WhiteElo "2408"]
[BlackElo "2208"]
[TimeControl "180+1"]
[EndTime "11:42:07 PDT"]
[Termination "Game drawn - insufficient material"]

1. e4 c5 2. b4 cxb4 3. a3 d5 4.
exd5 Qxd5 5. Nf3 Bg4 6. axb4 Bxf3 7. Qxf3 Qxf3 8. gxf3 Nc6 9. c3 g6 10. f4 Bg7 11. d4 Rc8 12. Na3 Nf6 13. Bg2 O-O 14. Bd2 a6 15. Nc2 e6 16. Ke2 Rc7 17. Rhb1 Ne7 18. b5 Ned5 19. Kd3 Rfc8 20. Ra3 Bh6 21. bxa6 bxa6 22. Bf3 Bxf4 23. Rbb3 Bxd2 24. Kxd2 a5 25.
Ne3 a4 26. Rxa4 Nxc3 27. Rab4 Nce4+ 28. Ke2 Nc3+ 29. Kd3 Ncd5 30. Rb8 Rc3+ 31. Rxc3 Rxb8 32. Ra3 Nxe3 33. fxe3 Rb1 34. h3 Kg7 35. e4 Rb6 36. e5 Nd5 37. Bxd5 exd5 38. Ra5 Rb3+ 39. Ke2 Rxh3 40.
Rxd5 Kf8 41. Rd7 Ke8 42. Ra7 Rb3 43. Ra8+ Ke7 44. Ra7+ Ke6 45. Ra6+ Ke7 46. Ra7+ Ke6 47. Ra6+ Kd5 48. Rd6+ Ke4 49. Rd7 Rb2+ 50. Kf1 Rb4 51. Rxf7 Rxd4 52. e6 Rd8 53. e7 Re8 54. Rxh7 Kf5 55.
Kf2 Kf6 56. Kf3 Rxe7 57. Rxe7 Kxe7 58. Kg4 Kf6 59. Kf4 g5+ 60. Kg4 Kg6 61. Kg3 Kf5 62.
Kf3 g4+ 63. Kg3 Kg5 64. Kg2 Kf4 65. Kf2 g3+ 66. Kg2 Kg4 67. Kg1 Kf3 68. Kf1 g2+ 69.
Kg1 Ke2 70. Kxg2 1/2-1/2

[Event "*** Titled Tuesday Blitz"]
[Site "Chess.com"]
[Date "2020.05.26"]
[Round "8"]
[White "Anna_ChessMate"]
[Black "Volodar_Murzin"]
[Result "0-1"]
[WhiteElo "2538"]
[BlackElo "2717"]
[TimeControl "180+1"]
[EndTime "11:42:08 PDT"]
[Termination "Volodar_Murzin won on time"]

1. d4 Nf6 2. c4 g6 3. Nf3 Bg7 4. g3 O-O 5. Bg2 d6 6. Nc3 Nbd7 7. O-O e5 8. e4 exd4 9. Nxd4 Nc5 10. Re1 Re8 11. h3 Bd7 12. Kh2 a5 13. Qc2 h5 14.
Be3 Qc8 15. Rad1 h4 16. gxh4 Nh5 17. f4 Ne6 18. Nxe6 Bxe6 19. Nd5 Qd8 20. Qf2 Bxd5 21.
cxd5 Bf6 22. Qf3 Bxh4 23. Bf2 Qf6 24. Bxh4 Qxh4 25. Rf1 Re7 26. f5 Rae8 27. fxg6 fxg6 28. Qg4 Qxg4 29. hxg4 Ng7 30. Rf6 Rf7 31. Rdf1 Rxf6 32. Rxf6 Rf8 33. Rxf8+ Kxf8 34. Kg3 g5 35. Kf2 Ke7 36.
Ke3 Ne8 37. Kd4 Nf6 38. Bf3 Nd7 39. Bd1 Kf6 40. Be2 Ne5 41. Bd1 Ng6 42. Be2 Nf4 43. Bf3 Ng6 44. b3 Ne5 45. Bd1 Ke7 46. a3 Kd8 47. b4 axb4 48. axb4 Kc8 49. Be2 Kb8 50. Kc3 Ka7 51. Kd4 Kb6 52. Kc3 c5 53. dxc6 bxc6 54. Kd4 Kc7 55. Kc3 c5 56. bxc5 dxc5 57. Kb3 Kc6 58. Kc3 Kb6 59. Kb3 Ka5 60. Kc3 Ka4 61.
Bd1+ Ka3 62. Be2 Ka2 63. Bd3 Ka3 64. Be2 Ka2 0-1

[Event "*** Titled Tuesday Blitz"]
[Site "Chess.com"]
[Date "2020.05.26"]
[Round "8"]
[White "AlexZambrano"]
[Black "Alexandercs432"]
[Result "0-1"]
[WhiteElo "2254"]
[BlackElo "2132"]
[TimeControl "180+1"]
[EndTime "11:42:08 PDT"]
[Termination "Alexandercs432 won on time"]

1. Nf3 d5 2. g3 c6 3. Bg2 Bg4 4. d4 Nf6 5. O-O e6 6. c4 Nbd7 7. Nc3 Be7 8. Bf4 O-O 9. Re1 Re8 10.
h3 Bh5 11. g4 Bg6 12. Nh4 a5 13. Nxg6 hxg6 14. cxd5 exd5 15. Qc2 Bf8 16. e3 Nb6 17. b3 Nc8 18. Na4 Ne4 19. Nc5 Nxc5 20. dxc5 Qf6 21. Rad1 g5 22. Bg3 Ne7 23. e4 Rad8 24. e5 Qg6 25.
Qd2 Qe6 26. Qxa5 Ra8 27. Qd2 Qg6 28. a4 Nc8 29. Rc1 Na7 30. Qb4 Re7 31. Qc3 Rae8 32. b4 Re6 33. Qb3 f6 34. Qb2 Nc8 35. b5 Kh8 36. bxc6 bxc6 37. a5 Na7 38. Bf1 f5 39. a6 f4 40. Bh2 Qf7 41. Qb7 R6e7 42. Qb6 Qe6 43. Bd3 Rd8 44. Bf5 Qf7 45. f3 Rde8 46.
Qb2 Nb5 47. Kg2 d4 48. Bd3 Nc3 49. Qb4 Nd5 50. Qxd4 Ne3+ 51. Rxe3 fxe3 52. Qxe3 Rd7 53. Qe4 g6 54. Qxg6 Qxg6 55. Bxg6 Rd2+ 56. Kg1 Red8 57.
Be4 Ra2 58. Bxc6 Rdd2 0-1

[Event "*** Titled Tuesday Blitz"]
[Site "Chess.com"]
[Date "2020.05.26"]
[Round "8"]
[White "JuliaEfremova"]
[Black "AradNazari"]
[Result "1-0"]
[WhiteElo "2224"]
[BlackElo "2411"]
[TimeControl "180+1"]
[EndTime "11:42:09 PDT"]
[Termination "JuliaEfremova won by resignation"]

1. d4 Nf6 2. Bf4 e6 3. Nf3 c5 4. e3 cxd4 5. exd4 d6 6. Nbd2 Be7 7. c3 O-O 8. Bd3 b6 9. O-O Bb7 10. Qe2 a6 11. Rfe1 Nbd7 12. h3 Re8 13. Bh2 Nf8 14.
a4 Ng6 15. a5 b5 16. b4 Nd5 17. Rac1 Ngf4 18. Qe4 f5 19. Qxf4 Nxf4 20. Bxf4 Bf6 21. Be3 e5 22. dxe5 dxe5 23. Bxf5 e4 24. Nd4 Bd5 25.
Bf4 Bxd4 26. cxd4 Qf6 27. g4 g6 28. Be5 Rxe5 29. dxe5 Qg5 30. Bxe4 Qxd2 31. Red1 Qxd1+ 32. Rxd1 Bxe4 33. Rd6 Kf7 34. f4 Ke7 35. Kf2 Bb7 36. Ke3 Rc8 37. Rb6 Rc7 38. f5 gxf5 39.
gxf5 Bc8 40. Kf4 Rc4+ 41. Kg5 Rxb4 42. Rh6 Re4 43. Rxh7+ Kd8 44. Kf6 b4 45. Rh8+ Kc7 46.
Rg8 b3 47. Rg2 Rf4 48. e6 Kd8 49. Rd2+ Ke8 50. Rb2 Rf3 51. h4 Rh3 52. h5 Kf8 53. Rd2 Ke8 54. e7 Bd7 55. Rg2 Be6 56. Kxe6 Re3+ 57. Kf6 Rxe7 58. Rb2 Rf7+ 59. Kg6 Rb7 60. h6 Kf8 61. f6 Kg8 62. Rf2 Kh8 63. f7 Rxf7 1-0